TOP OF THE 1ST |
Bethesda Atoms batting - Pitching for Athletic Club KC Academy : RHP Dorian Gunther
|
Pitching: RHP Dorian Gunther
|
|
Batting: RHB Conor Culver
|
0-0: Ball 1-0: Foul Ball, location: 2F 1-1: Ball 2-1: Ball 3-1: Called Strike 3-2: Ground out 4-3 (Groundball, 4, EV 88.1 MPH)
|
Batting: LHB Sandor Addicks
|
0-0: Ball 1-0: Ball 2-0: Called Strike 2-1: Foul Ball, location: 2F 2-2: Ball 3-2: Base on Balls
|
Batting: RHB Meester Gobbles-Rooster
|
0-0: Called Strike 0-1: 2-RUN HOME RUN (Flyball, 9D, EV 93.8 MPH), Distance : 361 ft
|
Batting: SHB Brian Burt
|
0-0: Ball 1-0: Ball 2-0: Ball 3-0: Base on Balls
|
Batting: LHB Rafael Barrueco
|
0-0: Foul Ball, location: 2F 0-1: Ball 1-1: Ball Wild Pitch! Brian Burt to second 2-1: Ball 3-1: Base on Balls
|
Batting: RHB Tomás Gonzáles
|
0-0: Called Strike 0-1: Swinging Strike 0-2: Ball 1-2: Fielders Choice at 2nd, 5-4 (Groundball, 5, EV 83.8 MPH) Brian Burt to third
|
Batting: RHB Wilson Mitchell
|
0-0: Foul Ball, location: 2F 0-1: Called Strike 0-2: Ball 1-2: Ball 2-2: Ball 3-2: Base on Balls Tomás Gonzáles to second
|
Batting: RHB Tomas van Noord
|
0-0: Foul Ball, location: 2F 0-1: Fly out, F7 (Flyball, 7S, EV 91.2 MPH)
|
Top of the 1st over - 2 runs, 1 hit, 0 errors, 3 left on base; Bethesda 2 - Athletic Club KC Academy 0 |
BOTTOM OF THE 1ST |
Athletic Club KC Academy batting - Pitching for Bethesda Atoms : LHP Kevin Beckman
|
Pitching: LHP Kevin Beckman
|
|
Batting: RHB Gabriel Martínez
|
0-0: Ball 1-0: Ball 2-0: Swinging Strike 2-1: SINGLE (Line Drive, 78S, EV 90.6 MPH)
|
Batting: RHB Andy Roarick
|
0-0: Ball 1-0: Fly out, F7 (Flyball, 78S, EV 91.2 MPH)
|
Batting: RHB Donald Guegan
|
0-0: Ball 1-0: Swinging Strike 1-1: Reached on error, E9 (Line Drive, 9, EV 95.0 MPH) Gabriel Martínez to third
|
Batting: RHB Woody Thomas
|
0-0: Ball 1-0: Ground out 4-3 (Groundball, 4, EV 93.8 MPH) Gabriel Martínez scores Donald Guegan to third
|
Batting: RHB Quinn Albracht
|
0-0: 2-RUN HOME RUN (Flyball, 7D, EV 106.9 MPH), Distance : 366 ft
|
Batting: RHB Rodrigo Sousa
|
0-0: Ball 1-0: Ball 2-0: SINGLE (Groundball, 56D, EV 97.5 MPH)
|
Batting: RHB Kalikiano Keiki
|
0-0: Foul Ball, location: 2F 0-1: Ball 1-1: Swinging Strike 1-2: Ball 2-2: Foul Ball, location: 2F 2-2: Ball 3-2: Foul Ball, location: 2F 3-2: Base on Balls Rodrigo Sousa to second
|
Batting: LHB Oriol Fernández
|
0-0: Swinging Strike 0-1: Ball 1-1: Ball 2-1: Called Strike 2-2: Strikes out looking
|
Bottom of the 1st over - 3 runs, 3 hits, 1 error, 2 left on base; Bethesda 2 - Athletic Club KC Academy 3 |
TOP OF THE 2ND |
Bethesda Atoms batting - Pitching for Athletic Club KC Academy : RHP Dorian Gunther
|
Batting: SHB Ronald Beauregard
|
0-0: Foul Ball, location: 2F 0-1: Swinging Strike 0-2: Foul Ball, location: 2F 0-2: Strikes out swinging
|
Batting: RHB Conor Culver
|
0-0: Ball 1-0: Ball 2-0: Called Strike 2-1: Ball 3-1: Ground out 1-3 (Groundball, 23, EV 85.0 MPH)
|
Batting: LHB Sandor Addicks
|
0-0: Ball 1-0: Called Strike 1-1: SINGLE (Line Drive, 9S, EV 97.5 MPH)
|
Batting: RHB Meester Gobbles-Rooster
|
0-0: Called Strike 0-1: 2-RUN HOME RUN (Flyball, 8RXD, EV 107.5 MPH), Distance : 445 ft
|
Batting: SHB Brian Burt
|
0-0: Ball 1-0: SINGLE (Groundball, 6MD, EV 105.0 MPH)
|
Batting: LHB Rafael Barrueco
|
0-0: Ball 1-0: Ball 2-0: Called Strike 2-1: Called Strike 2-2: Ball 3-2: Strikes out looking
|
Top of the 2nd over - 2 runs, 3 hits, 0 errors, 1 left on base; Bethesda 4 - Athletic Club KC Academy 3 |
BOTTOM OF THE 2ND |
Athletic Club KC Academy batting - Pitching for Bethesda Atoms : LHP Kevin Beckman
|
Batting: RHB Makalani Kaiya
|
0-0: Called Strike 0-1: Swinging Strike 0-2: Strikes out swinging wild pitch, reaches first!
|
Batting: RHB Gabriel Martínez
|
0-0: SINGLE (Groundball, 6MD, EV 108.8 MPH) Makalani Kaiya to second
|
Batting: RHB Andy Roarick
|
0-0: Ball 1-0: Called Strike 1-1: Called Strike 1-2: Foul Ball, location: 2F 1-2: Ball 2-2: Foul Ball, location: 2F 2-2: Fly out, F8 (Flyball, 89M, EV 96.9 MPH)
|
Batting: RHB Donald Guegan
|
0-0: Called Strike 0-1: Called Strike 0-2: Fielders Choice at 2nd, 4-6 (Groundball, 4, EV 90.6 MPH) Makalani Kaiya to third
|
Batting: RHB Woody Thomas
|
0-0: Ball 1-0: Fly out, F7 (Flyball, 7LS, EV 83.8 MPH)
|
Bottom of the 2nd over - 0 runs, 1 hit, 0 errors, 2 left on base; Bethesda 4 - Athletic Club KC Academy 3 |
TOP OF THE 3RD |
Bethesda Atoms batting - Pitching for Athletic Club KC Academy : RHP Dorian Gunther
|
Batting: RHB Tomás Gonzáles
|
0-0: Ball 1-0: Foul Ball, location: 2F 1-1: Ball 2-1: Called Strike 2-2: Ball 3-2: Strikes out looking
|
Batting: RHB Wilson Mitchell
|
0-0: Called Strike 0-1: Foul Ball, location: 2F 0-2: Ball 1-2: Ball 2-2: Ball 3-2: Strikes out swinging
|
Batting: RHB Tomas van Noord
|
0-0: Fly out, F8 (Flyball, 8RS, EV 93.8 MPH)
|
Top of the 3rd over - 0 runs, 0 hits, 0 errors, 0 left on base; Bethesda 4 - Athletic Club KC Academy 3 |
BOTTOM OF THE 3RD |
Athletic Club KC Academy batting - Pitching for Bethesda Atoms : LHP Kevin Beckman
|
Batting: RHB Quinn Albracht
|
0-0: Called Strike 0-1: Ball 1-1: Ground out 4-3 (Groundball, 4, EV 83.1 MPH)
|
Batting: RHB Rodrigo Sousa
|
0-0: Called Strike 0-1: Ball 1-1: Ground out U3 (Groundball, 3, EV 92.5 MPH)
|
Batting: RHB Kalikiano Keiki
|
0-0: Called Strike 0-1: Ball 1-1: Foul Ball, location: 2F 1-2: Ground out 1-3 (Groundball, 34S, EV 86.9 MPH)
|
Bottom of the 3rd over - 0 runs, 0 hits, 0 errors, 0 left on base; Bethesda 4 - Athletic Club KC Academy 3 |
TOP OF THE 4TH |
Bethesda Atoms batting - Pitching for Athletic Club KC Academy : RHP Dorian Gunther
|
Batting: SHB Ronald Beauregard
|
0-0: Ball 1-0: Fly out, F8 (Flyball, 8LM, EV 90.6 MPH)
|
Batting: RHB Conor Culver
|
0-0: Foul Ball, location: 2F 0-1: Ball 1-1: DOUBLE (Flyball, 89XD, EV 89.4 MPH)
|
Batting: LHB Sandor Addicks
|
0-0: Ball Conor Culver is caught stealing 3rd base 2-5 1-0: Ball 2-0: Foul Ball, location: 2F 2-1: SINGLE (Flyball, 89M, EV 86.2 MPH)
|
Batting: RHB Meester Gobbles-Rooster
|
0-0: Called Strike 0-1: Ball 1-1: Ball 2-1: Fielders Choice at 2nd, 6-4 (Groundball, 6, EV 83.8 MPH)
|
Top of the 4th over - 0 runs, 2 hits, 0 errors, 1 left on base; Bethesda 4 - Athletic Club KC Academy 3 |
BOTTOM OF THE 4TH |
Athletic Club KC Academy batting - Pitching for Bethesda Atoms : LHP Kevin Beckman
|
Batting: LHB Oriol Fernández
|
0-0: SINGLE (Line Drive, 8RS, EV 102.5 MPH)
|
Batting: RHB Makalani Kaiya
|
0-0: Fly out, F8 (Flyball, 78D, EV 92.5 MPH)
|
Batting: RHB Gabriel Martínez
|
0-0: Ball 1-0: Called Strike 1-1: Foul Ball, location: 2F 1-2: Fly out, F7 (Flyball, 78D, EV 101.9 MPH)
|
Batting: RHB Andy Roarick
|
0-0: Ball 1-0: Called Strike 1-1: Swinging Strike 1-2: Fly out, F8 (Flyball, 8LXD, EV 95.0 MPH)
|
Bottom of the 4th over - 0 runs, 1 hit, 0 errors, 1 left on base; Bethesda 4 - Athletic Club KC Academy 3 |
TOP OF THE 5TH |
Bethesda Atoms batting - Pitching for Athletic Club KC Academy : RHP Dorian Gunther
|
Batting: SHB Brian Burt
|
0-0: Ball 1-0: Ball 2-0: Ball 3-0: Base on Balls
|
Batting: LHB Rafael Barrueco
|
0-0: Ball 1-0: Called Strike 1-1: Ball 2-1: Ball 3-1: Called Strike 3-2: Base on Balls Brian Burt to second
|
Batting: RHB Tomás Gonzáles
|
0-0: Called Strike 0-1: Sac Bunt to 2L - play at first, batter OUT! 2-3 Brian Burt to third Rafael Barrueco to second
|
Batting: RHB Wilson Mitchell
|
0-0: Ground out 6-3 (Groundball, 6, EV 104.4 MPH)
|
Batting: RHB Tomas van Noord
|
0-0: Called Strike 0-1: Swinging Strike 0-2: Strikes out swinging
|
Top of the 5th over - 0 runs, 0 hits, 0 errors, 2 left on base; Bethesda 4 - Athletic Club KC Academy 3 |
BOTTOM OF THE 5TH |
Athletic Club KC Academy batting - Pitching for Bethesda Atoms : LHP Kevin Beckman
|
Batting: RHB Donald Guegan
|
0-0: Called Strike 0-1: Fly out, F3 (Popup, 34, EV 75.6 MPH)
|
Batting: RHB Woody Thomas
|
0-0: Called Strike 0-1: Foul Ball, location: 2F 0-2: Ball 1-2: SINGLE (Line Drive, 89S, EV 103.1 MPH)
|
Batting: RHB Quinn Albracht
|
0-0: Ball 1-0: Fielders Choice at 2nd, 4-6 (Groundball, 34, EV 94.4 MPH)
|
Batting: RHB Rodrigo Sousa
|
0-0: Ground out 4-3 (Groundball, 34, EV 87.5 MPH)
|
Bottom of the 5th over - 0 runs, 1 hit, 0 errors, 1 left on base; Bethesda 4 - Athletic Club KC Academy 3 |
TOP OF THE 6TH |
Bethesda Atoms batting - Pitching for Athletic Club KC Academy : RHP Dorian Gunther
|
Batting: SHB Ronald Beauregard
|
0-0: Fly out, F8 (Line Drive, 8RD, EV 90.6 MPH)
|
Batting: RHB Conor Culver
|
0-0: Ball 1-0: Foul Ball, location: 2F 1-1: Ball 2-1: Foul Ball, location: 2F 2-2: Ground out 6-3 (Groundball, 6, EV 91.9 MPH)
|
Batting: LHB Sandor Addicks
|
0-0: Foul Ball, location: 2F 0-1: Called Strike 0-2: Ball 1-2: Strikes out swinging
|
Top of the 6th over - 0 runs, 0 hits, 0 errors, 0 left on base; Bethesda 4 - Athletic Club KC Academy 3 |
BOTTOM OF THE 6TH |
Athletic Club KC Academy batting - Pitching for Bethesda Atoms : LHP Kevin Beckman
|
Batting: RHB Kalikiano Keiki
|
0-0: Called Strike 0-1: Fly out, F7 (Flyball, 7S, EV 83.1 MPH)
|
Batting: LHB Oriol Fernández
|
0-0: Ball 1-0: Ball 2-0: Fly out, F7 (Flyball, 7LD, EV 92.5 MPH)
|
Batting: RHB Makalani Kaiya
|
0-0: Fly out, F5 (Line Drive, 5, EV 75.0 MPH)
|
Bottom of the 6th over - 0 runs, 0 hits, 0 errors, 0 left on base; Bethesda 4 - Athletic Club KC Academy 3 |
TOP OF THE 7TH |
Bethesda Atoms batting - Pitching for Athletic Club KC Academy : RHP Dorian Gunther
|
Batting: RHB Meester Gobbles-Rooster
|
0-0: Called Strike 0-1: Ball 1-1: Foul Ball, location: 2F 1-2: Ball 2-2: Foul Ball, location: 2F 2-2: Ball 3-2: Base on Balls
|
Pitching: LHP Andrei-Luiz Filoteo
|
|
Batting: SHB Brian Burt
|
0-0: Ball 1-0: Ball 2-0: Swinging Strike 2-1: Foul Ball, location: 2F 2-2: Foul Ball, location: 2F 2-2: Grounds into double play, 5-4-3 (Groundball, 5, EV 101.2 MPH)
|
Batting: LHB Rafael Barrueco
|
0-0: Ball 1-0: Called Strike 1-1: Swinging Strike 1-2: SOLO HOME RUN (Flyball, 89XD, EV 100.6 MPH), Distance : 392 ft
|
Batting: RHB Tomás Gonzáles
|
0-0: Fly out, F9 (Flyball, 9LMF, EV 84.4 MPH)
|
Top of the 7th over - 1 run, 1 hit, 0 errors, 0 left on base; Bethesda 5 - Athletic Club KC Academy 3 |
BOTTOM OF THE 7TH |
Athletic Club KC Academy batting - Pitching for Bethesda Atoms : LHP Kevin Beckman
|
Batting: RHB Gabriel Martínez
|
0-0: Ball 1-0: Called Strike 1-1: Ball 2-1: Ground out 6-3 (Groundball, 6, EV 83.8 MPH)
|
Batting: RHB Andy Roarick
|
0-0: Called Strike 0-1: Called Strike 0-2: Strikes out swinging
|
Batting: RHB Donald Guegan
|
0-0: Called Strike 0-1: Foul Ball, location: 2F 0-2: Ground out 5-3 (Groundball, 56S, EV 87.5 MPH)
|
Bottom of the 7th over - 0 runs, 0 hits, 0 errors, 0 left on base; Bethesda 5 - Athletic Club KC Academy 3 |
TOP OF THE 8TH |
Bethesda Atoms batting - Pitching for Athletic Club KC Academy : LHP Andrei-Luiz Filoteo
|
Batting: RHB Wilson Mitchell
|
0-0: Called Strike 0-1: Ball 1-1: Ball 2-1: Called Strike 2-2: SINGLE (Flyball, 89S, EV 89.4 MPH)
|
Batting: RHB Tomas van Noord
|
0-0: Sac Bunt to 2L - play at first, batter OUT! 2-3 Wilson Mitchell to second
|
Batting: SHB Ronald Beauregard
|
0-0: Fly out, F3 (Popup, 3, EV 61.9 MPH)
|
Batting: RHB Conor Culver
|
0-0: Ground out 5-3 (Groundball, 56, EV 77.5 MPH)
|
Top of the 8th over - 0 runs, 1 hit, 0 errors, 1 left on base; Bethesda 5 - Athletic Club KC Academy 3 |
BOTTOM OF THE 8TH |
Athletic Club KC Academy batting - Pitching for Bethesda Atoms : LHP Kevin Beckman
|
Batting: RHB Woody Thomas
|
0-0: Called Strike 0-1: Ball 1-1: Ball 2-1: Foul Ball, location: 2F 2-2: Ball 3-2: DOUBLE (Line Drive, 89XD, EV 105.0 MPH)
|
Batting: RHB Quinn Albracht
|
0-0: Swinging Strike 0-1: Fly out, F9 (Flyball, 9LS, EV 77.5 MPH)
|
Batting: RHB Rodrigo Sousa
|
0-0: Called Strike 0-1: Called Strike 0-2: Strikes out swinging
|
Pitching: LHP Jules Goux
|
|
Batting: RHB Kalikiano Keiki
|
0-0: Fly out, F7 (Flyball, 7S, EV 90.0 MPH)
|
Bottom of the 8th over - 0 runs, 1 hit, 0 errors, 1 left on base; Bethesda 5 - Athletic Club KC Academy 3 |
TOP OF THE 9TH |
Bethesda Atoms batting - Pitching for Athletic Club KC Academy : LHP Andrei-Luiz Filoteo
|
Pitching: LHP Indigo Diaz
|
|
Batting: LHB Sandor Addicks
|
0-0: Foul Ball, location: 2F 0-1: Foul Ball, location: 2F 0-2: Ball 1-2: Foul Ball, location: 2F 1-2: Ball 2-2: Ground out 1-3 (Groundball, 15, EV 86.2 MPH)
|
Batting: RHB Meester Gobbles-Rooster
|
0-0: Ball 1-0: Foul Ball, location: 2F 1-1: Ground out 6-3 (Groundball, 6MD, EV 86.2 MPH)
|
Batting: SHB Brian Burt
|
0-0: Called Strike 0-1: Foul Ball, location: 2F 0-2: Ball 1-2: Foul Ball, location: 2F 1-2: Ball 2-2: Foul Ball, location: 2F 2-2: Foul Ball, location: 2F 2-2: Ball 3-2: Ground out 4-3 (Groundball, 4, EV 86.2 MPH)
|
Top of the 9th over - 0 runs, 0 hits, 0 errors, 0 left on base; Bethesda 5 - Athletic Club KC Academy 3 |
BOTTOM OF THE 9TH |
Athletic Club KC Academy batting - Pitching for Bethesda Atoms : LHP Jules Goux
|
Pitching: RHP Suhaila Zainuddin
|
|
Batting: LHB Oriol Fernández
|
0-0: Foul Ball, location: 2F 0-1: Foul Ball, location: 2F 0-2: Ball 1-2: Strikes out swinging
|
Batting: RHB Makalani Kaiya
|
0-0: Called Strike 0-1: Ball 1-1: Fly out, F8 (Line Drive, 8RD, EV 90.6 MPH)
|
Batting: RHB Gabriel Martínez
|
0-0: Ball 1-0: Swinging Strike 1-1: Ball 2-1: Ball 3-1: Base on Balls
|
Batting: RHB Andy Roarick
|
0-0: Ball 1-0: Ball 2-0: Fly out, F9 (Flyball, 89S, EV 88.8 MPH)
|
Bottom of the 9th over - 0 runs, 0 hits, 0 errors, 1 left on base; Bethesda 5 - Athletic Club KC Academy 3 |
|